Map: Neon Violet Square LE

Players

TIME (Oliveira)

  • Race: Terran Terran
  • Spawn Location: 11:00

Scarlett - Winner!

  • Race: Zerg Zerg
  • Spawn Location: 5:00

Event: IEM Season 12 - PyeongChang

VOD

Have the link to the VOD?

Description

Time

  • Played on: Feb. 5, 2018, 12:17 a.m.
  • Length: 11:51

All games in this series

Show
View Real Time Build Order
Export as new Build Order

TIME Terran 

Build Orders: Liberator Opening, Reaper Expand, MMM Bio 

Get SALT Encoding   

  12  0:00  SCV  
  13  0:12  SCV  
  14  0:18  Supply Depot  
  14  0:24  SCV  
  15  0:40  SCV  
  15  0:41  Barracks  
  16  0:45  Refinery  
  16  0:52  SCV  
  18  1:04  SCV  
  18  1:16  SCV  
  19  1:29  Reaper  
  19  1:30  Orbital Command  
  20  1:41  Command Center  
  20  1:50  Supply Depot  
  20  1:55  SCV  
  20  2:01  Marine  
  22  2:07  SCV  
  23  2:09  Factory  
  23  2:13  Refinery  
  23  2:19  SCV  
  23  2:22  Barracks Reactor  
  24  2:32  SCV  
  25  2:44  SCV  
  26  2:54  Orbital Command, Starport  
  26  2:57  SCV  
  27  3:02  Hellion  
  27  3:03  Hellion  
  27  3:04  Barracks Tech Lab  
  31  3:09  SCV  
  32  3:20  SCV  
  32  3:21  SCV  
  32  3:24  Hellion x2  
  38  3:30  Viking  
  38  3:32  SCV  
  40  3:36  Supply Depot  
  40  3:38  SCV  
  41  3:43  Liberator  
  41  3:44  SCV  
  44  3:48  Hellion  
  44  3:49  Hellion  
  46  3:57  SCV x2  
  46  3:59  Supply Depot  
  46  4:02  Supply Depot  
  51  4:09  SCV  
  52  4:18  SCV  
  52  4:21  Cyclone x2  
  59  4:27  Command Center  
  59  4:34  SCV  
  59  4:38  Marine  
  61  4:45  Liberator  
  57  4:50  Bunker  
  55  5:00  Siege Tank  
  55  5:02  Command Center  
  61  5:07  Marine x2  
  61  5:13  SCV, Orbital Command  
  62  5:22  Supply Depot  
  62  5:23  Supply Depot  
  62  5:24  Supply Depot  
  62  5:43  Barracks  
  62  5:44  Barracks  
  62  5:45  Marine x2  
  62  5:46  SCV x2  
  69  5:57  Liberator  
  66  5:58  Siege Tank  
  66  6:01  SCV  
  70  6:14  SCV  
  75  6:22  Orbital Command  
  73  6:30  Barracks Tech Lab  
  73  6:33  Engineering Bay x2  
  73  6:34  Siege Tank  
  73  6:38  SCV  
  77  6:40  Barracks Reactor  
  77  6:43  Orbital Command  
  77  6:50  SCV, Supply Depot  
  77  6:51  Marine  
  77  6:52  Stimpack  
  77  6:54  Marine  
  80  6:58  Marine  
  78  7:04  SCV  
  78  7:05  Starport Reactor  
  79  7:09  Marine  
  79  7:11  Marine  
  79  7:14  SCV x2  
  83  7:17  Refinery  
  83  7:21  Refinery  
  83  7:22  Marine x2  
  80  7:28  Terran Infantry Weapons Level 1  
  82  7:34  SCV x2  
  82  7:35  Terran Infantry Armor Level 1  
  82  7:36  Marine  
  82  7:37  Marine  
  79  7:38  Marine  
  79  7:40  Marine  
  79  7:43  Supply Depot  
  83  7:45  Marine  
  83  7:46  SCV  
  83  7:47  SCV  
  83  7:49  Orbital Command  
  83  7:51  Siege Tank  
  89  7:54  Marine  
  89  7:58  SCV  
  91  7:59  Marine, SCV  
  91  8:05  Marine x3  
  96  8:06  Supply Depot  
  96  8:08  Medivac  
  96  8:09  Medivac  
  96  8:12  SCV  
  101  8:21  Barracks  
  101  8:22  Barracks  
  101  8:24  Supply Depot  
  101  8:27  Marine x3  
  101  8:28  SCV x2  
  101  8:29  Supply Depot  
  101  8:32  SCV  
  107  8:35  Supply Depot  
  107  8:37  Armory  
  107  8:39  Marine x2  
  109  8:46  SCV, Medivac  
  109  8:47  Medivac  
  114  8:49  Marine  
  114  8:51  SCV  
  114  8:52  Combat Shields  
  114  8:53  Supply Depot  
  114  8:54  Marine  
  117  8:59  SCV x2  
  117  9:00  Siege Tank  
  122  9:06  Refinery  
  122  9:08  Marine x2  
  122  9:09  Barracks Reactor x2  
  124  9:11  SCV  
  124  9:13  SCV x2  
  124  9:15  Marine  
  124  9:16  Marine  
  129  9:18  Marine  
  129  9:23  SCV  
  131  9:26  Marine  
  131  9:28  Factory  
  125  9:43  Marine  
  125  9:44  Marine x2, Siege Tank  
  126  9:45  Medivac  
  126  9:46  Marine x3, Medivac  
  126  9:47  Marine x3  
  136  9:53  SCV  
  137  10:01  Marine  
  137  10:02  Marine x2  
  137  10:04  Marine  
  141  10:11  Factory Tech Lab, Supply Depot x2  
  141  10:12  Command Center  
  141  10:26  Refinery  
  141  10:32  Marine x7, SCV x3  
  141  10:34  Marine  
  152  10:38  Marine  
  152  10:41  Siege Tank  
  156  10:50  Marine x2  
  157  10:58  Supply Depot  
  157  11:00  Supply Depot  
  157  11:07  Marine x2  
  157  11:08  SCV x2, Marine  
  157  11:09  Marine  
  157  11:10  Medivac, Siege Tank  
  157  11:11  Marine x2, Medivac  
  157  11:14  Marine  
  157  11:15  Siege Tank  
  157  11:16  Marine  
  131  11:22  Marine  
  118  11:25  Marine x2  
  118  11:26  Marine x2  
  118  11:28  Marine  
  118  11:29  Marine  
  118  11:31  Marine  
Show
View Real Time Build Order
Export as new Build Order

Scarlett Zerg - Winner!

Build Orders: Hatch First, Roach Nydus 

Get SALT Encoding   

  12  0:00  Drone  
  13  0:13  Overlord  
  13  0:17  Drone  
  14  0:31  Drone x2  
  14  0:35  Drone  
  17  0:52  Hatchery  
  17  0:55  Drone  
  17  0:58  Drone  
  17  1:02  Extractor  
  17  1:13  Spawning Pool  
  17  1:17  Drone  
  17  1:20  Drone  
  18  1:29  Drone  
  20  1:40  Drone  
  20  1:50  Overlord  
  20  2:00  Queen  
  20  2:01  Metabolic Boost  
  22  2:03  Queen  
  22  2:05  Zergling x2  
  22  2:08  Zergling x2  
  26  2:11  Drone  
  27  2:16  Drone  
  28  2:23  Drone  
  28  2:26  Drone  
  30  2:33  Drone  
  31  2:39  Queen  
  31  2:42  Lair  
  33  2:46  Overlord  
  33  2:49  Drone  
  34  2:51  Drone  
  34  2:55  Drone  
  36  3:00  Extractor  
  36  3:01  Drone  
  36  3:09  Drone x4  
  36  3:12  Drone x2  
  42  3:18  Overlord  
  42  3:22  Queen  
  44  3:30  Roach Warren  
  43  3:39  Drone x3  
  46  3:41  Nydus Network  
  46  3:47  Queen  
  47  3:52  Overlord  
  46  3:57  Overlord  
  46  4:10  Roach  
  46  4:11  Roach x4  
  56  4:20  Nydus Canal  
  56  4:27  Queen  
  56  4:29  Overlord, Roach x2  
  62  4:37  Roach  
  64  4:51  Queen  
  66  4:54  Nydus Canal  
  66  5:02  Roach x2  
  66  5:03  Queen  
  72  5:13  Drone x4  
  76  5:14  Overlord  
  76  5:21  Nydus Canal  
  76  5:22  Hatchery  
  76  5:24  Drone  
  76  5:27  Extractor  
  75  5:31  Evolution Chamber  
  74  5:36  Drone x5  
  74  5:37  Glial Reconstitution  
  79  5:46  Drone  
  79  5:47  Drone  
  79  5:48  Evolution Chamber, Extractor  
  79  5:57  Overlord x2  
  79  5:59  Zerg Missile Weapons Level 1  
  79  6:11  Overlord  
  79  6:12  Overlord  
  79  6:19  Zerg Ground Armor Level 1, Drone  
  79  6:21  Drone x2  
  79  6:22  Drone x2  
  84  6:29  Drone x3  
  84  6:30  Spore Crawler  
  84  6:31  Spore Crawler  
  85  6:38  Drone x4  
  89  6:52  Drone x2  
  89  6:53  Drone x6  
  97  7:03  Zergling x2  
  97  7:04  Drone x4  
  102  7:10  Extractor  
  102  7:11  Ravager x2, Extractor  
  102  7:12  Ravager x4  
  102  7:15  Hatchery  
  105  7:16  Infestation Pit  
  105  7:18  Drone x4  
  108  7:27  Drone x6  
  114  7:31  Overlord  
  114  7:32  Overlord  
  114  7:40  Overlord x3  
  114  7:53  Zerg Missile Weapons Level 2, Hive  
  114  7:55  Hatchery  
  114  7:56  Drone  
  114  7:57  Drone  
  114  7:58  Hydralisk Den  
  113  8:02  Drone x4  
  117  8:09  Roach x4  
  117  8:12  Ravager x4  
  128  8:30  Grooved Spines  
  128  8:33  Extractor  
  128  8:34  Extractor  
  126  8:35  Drone x6  
  126  8:36  Drone x6  
  126  8:40  Hydralisk  
  126  8:41  Hydralisk x4  
  148  8:51  Extractor, Spore Crawler  
  148  8:54  Roach x5  
  148  8:55  Overlord, Extractor  
  155  8:58  Overlord  
  155  9:02  Overlord  
  155  9:03  Overlord  
  155  9:07  Viper  
  158  9:11  Spire  
  157  9:23  Viper  
  160  9:25  Zerg Ground Armor Level 2  
  160  9:28  Drone x13  
  148  9:41  Drone x2  
  146  9:47  Spore Crawler  
  146  9:52  Viper x2  
  151  9:53  Overlord  
  151  9:56  Drone x3  
  154  10:00  Roach x6  
  154  10:01  Roach x4  
  174  10:16  Muscular Augments  
  174  10:17  Roach  
  174  10:18  Roach x4  
  184  10:27  Greater Spire  
  184  10:36  Roach x8  
  200  10:55  Spine Crawler  
  199  11:06  Spine Crawler  
  188  11:24  Hydralisk x3  
  188  11:25  Hydralisk x3  

Tags
 
Add a new tag
Caveats
  • Supply blocks, unpowered buildings, or Contaminate may cause inaccurate times.
  • Supply counts are checked every 10 seconds.